Cogmind - Beta 13 X1 @@@ ROGUE MODE // 2023.09.16 @ 18:50:05 Player: f3-rnm Result: Destroyed by D-53 Grenadier with Mini Grenade Launcher Performance ------------- Evolutions (1) 500 Regions Visited (3) 600 Robots Destroyed (63) 315 Value Destroyed (1373) 1373 Prototype IDs (4) 80 Alien Tech Used (0) 0 Bonus (0) 0 TOTAL SCORE: 2868 Bonus ------- None Cogmind --------- Core Integrity 0/400 Matter 241/300 Energy 38/100 System Corruption 2% Temperature Cool (20) Movement Core (1500) Ox29 Location -9/Mines Parts ------- > --- POWER (1) -------- (None) > --- PROPULSION (4) --- (None) > --- UTILITY (2) ------ Huge Storage Unit > --- WEAPON (2) ------- Heavy Particle Cannon Improved Assault Rifle > --- INVENTORY (25) --- Cooled Ion Engine Improved Flight Unit Improved Flight Unit Improved Flight Unit Improved Flight Unit Heat Sink Small Storage Unit Large Matter Pod (42) Sensor Array ECM Suite Tractor Beam Small Laser Improved Medium Laser Heavy Particle Cannon Heavy Particle Cannon Light Cannon Light Cannon Grenade Launcher Great Maul Katana Peak State ------------ > --- POWER ------------ Cooled Ion Engine > --- PROPULSION ------- Light Treads Light Treads Light Treads Light Treads > --- UTILITY ---------- Huge Storage Unit Hardened Light Armor Plating > --- WEAPON ----------- Improved Assault Rifle Improved Assault Rifle > --- INVENTORY -------- Cooled Ion Engine Heat Sink Small Storage Unit Large Matter Pod Sensor Array ECM Suite Light Armor Plating Light Armor Plating Light Armor Plating Tractor Beam Small Laser Improved Medium Laser Improved Medium Laser Heavy Particle Cannon Heavy Particle Cannon Heavy Particle Cannon Heavy Particle Cannon Light Cannon Light Cannon Grenade Launcher Great Maul Katana [Rating: 20] Favorites ----------- Power Cooled Ion Engine Engine Cooled Ion Engine Propulsion Light Treads Treads Light Treads Flight Unit Improved Flight Unit Utility Huge Storage Unit Storage Huge Storage Unit Protection Hardened Light Armor Plating Weapon Light Cannon Energy Gun Small Laser Energy Cannon Heavy Particle Cannon Ballistic Gun Improved Assault Rifle Ballistic Cannon Light Cannon Build | -11 -10 -9 -9 ------- Run | Jun Mat Mat Min Slots Evolved 2 | . . 2 . Power . | . . . . Propulsion 2 | . . 2 . Utility . | . . . . Weapon . | . . . . Parts Attached 40 | 5 11 18 6 Power 6 | 1 4 1 . Engine 6 | 1 4 1 . Core . | . . . . Reactor . | . . . . Propulsion 15 | 2 1 10 2 Treads 14 | 2 1 9 2 Leg . | . . . . Wheel . | . . . . Hover . | . . . . Flight 1 | . . 1 . Utility 6 | 1 2 1 2 Device . | . . . . Storage 3 | 1 2 . . Processor . | . . . . Hackware . | . . . . Protection 3 | . . 1 2 Artifact . | . . . . Weapon 13 | 1 4 6 2 Energy Gun 3 | . 2 1 . Energy Cannon 2 | . . . 2 Ballistic Gun 4 | 1 . 3 . Ballistic Cannon 4 | . 2 2 . Launcher . | . . . . Special Weapon . | . . . . Impact Weapon . | . . . . Slashing Weapon . | . . . . Piercing Weapon . | . . . . Special Melee Weapon . | . . . . Unidentified Prototypes 4 | . 1 3 . Parts Lost 19 | . 3 5 11 Power 3 | . 2 . 1 Propulsion 10 | . . 4 6 Utility 3 | . . . 3 Weapon 3 | . 1 1 1 Highest Loss Streak 11 | . 1 4 11 To Critical Strikes . | . . . . Average Slot Usage (%) 92 | . 88 96 95 Engine 10 | . 8 11 9 Treads 35 | . 28 40 42 Storage 16 | . 23 11 11 Protection 5 | . . 10 9 Energy Gun 5 | . 12 . . Ballistic Gun 4 | . 1 5 21 Ballistic Cannon 13 | . 12 16 . Naked Turns . | . . . . Heaviest Build 99 | 9 94 99 99 Greatest Support 80 | 40 40 80 80 Greatest Overweight (x) 2 | . 2 2 2 Average Overweight (x) 1 | . 1 1 1 Largest Inventory Capacity 25 | 8 25 25 25 Average Capacity 24 | 7 23 25 25 Most Carried 25 | 3 12 25 25 Average Carried 14 | 1 8 19 24 Final Capacity 25 | 8 25 25 25 Final Carried 25 | 1 12 25 20 Class Distribution -------------------- 79% | Mutant 20% | Scavenger-Mutant Dominant Class ---------------- Mutant | -10/Materials Mutant | -9/Materials Scavenger-Mutant | -9/Mines Resources | -11 -10 -9 -9 ----------- Run | Jun Mat Mat Min Matter Collected 1654 | 157 408 1089 . Remotely . | . . . . Salvage Created 1738 | . 436 1302 . Parts 126 | . 29 97 . Haulers Intercepted 7 | . 1 6 . Recyclers Shooed 4 | . 2 2 . Parts Field Recycled . | . . . . Retrieved Matter . | . . . . Parts Self-Destructed . | . . . . Prevented . | . . . . Kills | -11 -10 -9 -9 ------- Run | Jun Mat Mat Min Combat Hostiles Destroyed 39 | . 10 29 . Guns 9 | . 5 4 . Cannons 30 | . 5 25 . Classes Destroyed 11 | . 6 5 . Worker 6 | . 1 5 . Builder 2 | . . 2 . Tunneler 1 | . . 1 . Hauler 7 | . 1 6 . Recycler 2 | . 1 1 . Operator 1 | . . 1 . Watcher 5 | . 2 3 . Swarmer 12 | . 5 7 . Grunt 16 | . 5 11 . Duelist 3 | . . 3 . Sentry 8 | . . 8 . Best Kill Streak 8 | . 3 8 . Combat Bots Only 6 | . 3 6 . Max Kills in Single Turn 2 | . 1 2 . Gunslinging 1 | . . 1 . Exploded . | . . . . Melee . | . . . . Uniques/NPCs Destroyed . | . . . . Combat | -11 -10 -9 -9 -------- Run | Jun Mat Mat Min Damage Taken 3282 | . 580 1198 1504 Core 469 | . 56 172 241 Absorbed by Shields . | . . . . Core Remaining (%) 88 | 100 77 . . Volleys Fired 191 | . 61 125 5 Largest 2 | . 2 2 2 Hottest 105 | . 105 70 98 Shots Fired 353 | . 94 249 10 Gun 108 | . 64 37 7 Cannon 245 | . 30 212 3 Launcher . | . . . . Special . | . . . . Kinetic 314 | . 58 249 7 Thermal 39 | . 36 . 3 Explosive . | . . . . Electromagnetic . | . . . . Robot Hit Streak 10 | . 6 10 5 Robot Miss Streak 10 | . 6 10 2 Penetration Max . | . . . . Secondary Targets 1 | . . 1 . Max Gunslinging Chain 1 | . . 1 . Shots Hit Robots 196 | . 52 138 6 Core Hits 86 | . 24 61 1 Critical Kills . | . . . . Critical Parts Destroyed . | . . . . Critical Strikes 7 | . . 7 . Blast 7 | . . 7 . Melee Attacks . | . . . . Impact . | . . . . Slashing . | . . . . Piercing . | . . . . Sneak Attacks . | . . . . Combat Hostiles . | . . . . Follow-up Attacks . | . . . . Damage Inflicted 3314 | . 674 2523 117 Guns 887 | . 450 370 67 Cannons 2413 | . 210 2153 50 Explosions . | . . . . Melee . | . . . . Ramming 14 | . 14 . . Kinetic 2946 | . 356 2523 67 Thermal 354 | . 304 . 50 Explosive . | . . . . Electromagnetic . | . . . . Impact . | . . . . Slashing . | . . . . Piercing . | . . . . Highest Corruption 2 | . . 2 2 Average Corruption 2 | . . 2 2 Corruption Purged . | . . . . Corruption Blocked . | . . . . Effects 28 | . . 26 2 Message Errors 7 | . . 7 . Matter Fused 5 | . . 4 1 Heat Flow Errors 3 | . . 3 . Energy Discharges 3 | . . 2 1 Parts Rejected 1 | . . 1 . Data Loss (minor) 4 | . . 4 . Data Loss (major) 2 | . . 2 . Misfires 2 | . . 2 . Weapon Failures 1 | . . 1 . Overload Shots . | . . . . Overflow Damage 27 | . . 27 . Projectiles 27 | . . 27 . Explosions . | . . . . Melee . | . . . . Knockbacks 25 | . 3 22 . Impact 1 | . 1 . . Kinetic 23 | . 2 21 . Secondary 1 | . . 1 . Self-Inflicted Damage . | . . . . Shots . | . . . . Rammed 2 | . 2 . . Targets Rammed 2 | . 2 . . Kicked . | . . . . Crushed . | . . . . Highest Temperature 241 | . 120 241 20 Average Temperature 36 | . 37 36 12 Received Heat Transfer 661 | . 219 402 40 Siege Activations . | . . . . Robots Corrupted . | . . . . Combat Hostiles . | . . . . Parts Fried . | . . . . Impact Corruptions . | . . . . Robots Melted . | . . . . Combat Hostiles . | . . . . Parts Melted . | . . . . Heat Transferred 780 | . 706 . 74 Parts Sabotaged . | . . . . Parts Stolen . | . . . . Parts Stripped . | . . . . Power Chain Reactions . | . . . . Missiles Intercepted . | . . . . Alert | -11 -10 -9 -9 ------- Run | Jun Mat Mat Min Peak Influence 378 | . 132 378 140 Initial 135 | . . . 135 Average 131 | . 37 219 128 Maximum Alert Level 1 | . . 1 . Low Security (%) 73 | 100 100 45 100 Level 1 26 | . . 54 . Level 2 . | . . . . Level 3 . | . . . . Level 4 . | . . . . Level 5 . | . . . . High Security . | . . . . Max Security . | . . . . Squads Dispatched 5 | . 2 3 . Investigation 2 | . 2 . . Extermination . | . . . . Reinforcement 3 | . . 3 . Assault . | . . . . Garrison . | . . . . Intercept . | . . . . Searches Triggered . | . . . . Construction Impeded . | . . . . Haulers Reinforced . | . . . . Active Scanning Responses . | . . . . Cargo Convoy Interrupts . | . . . . Stealth | -11 -10 -9 -9 --------- Run | Jun Mat Mat Min Distress Signals 2 | . . 2 . Communications Jammed . | . . . . Distress Signals . | . . . . Times Spotted 68 | . 18 44 6 Peak Tracking Total 5 | . 4 5 5 Tactical Retreats . | . . . . Traps | -11 -10 -9 -9 ------- Run | Jun Mat Mat Min Traps Triggered 5 | . 3 2 . Indirectly . | . . . . Trap Hack Attempts . | . . . . Triggered . | . . . . Disarmed . | . . . . Reprogrammed . | . . . . Reused . | . . . . Traps Extracted . | . . . . Installed . | . . . . Triggered . | . . . . Machines | -11 -10 -9 -9 ---------- Run | Jun Mat Mat Min Machines Disabled 5 | . 1 4 . Max in Single Turn 1 | . 1 1 . Machines Repaired . | . . . . Machines Sabotaged . | . . . . Overloaded Fab Kills . | . . . . Hacking | -11 -10 -9 -9 --------- Run | Jun Mat Mat Min Machines Accessed 11 | . 6 5 . Terminals 11 | . 6 5 . Fabricators . | . . . . Repair Stations . | . . . . Recycling Units . | . . . . Scanalyzers . | . . . . Garrison Access . | . . . . Total Hacks 26 | . 13 13 . Successful 7 | . 5 2 . Failed 19 | . 8 11 . Catastrophic 4 | . 1 3 . Database Lockouts . | . . . . Manual 18 | . 8 10 . Terminals 26 | . 13 13 . Fabricators . | . . . . Repair Stations . | . . . . Recycling Units . | . . . . Scanalyzers . | . . . . Garrison Access . | . . . . Terminal Hacks 6 | . 5 1 . Robot Analysis 2 | . 2 . . Terminal Index 1 | . 1 . . Hauler Manifests 3 | . 2 1 . Fabricator Hacks . | . . . . Repair Station Hacks . | . . . . Recycling Unit Hacks . | . . . . Scanalyzer . | . . . . Garrison Access Hacks . | . . . . Unauthorized Hacks 1 | . . 1 . Terminals 1 | . . 1 . Operators 1 | . . 1 . Fabricators . | . . . . Repair Stations . | . . . . Recycling Units . | . . . . Scanalyzers . | . . . . Garrison Access . | . . . . Data Cores Recovered . | . . . . Used . | . . . . Hacking Detections 9 | . 5 4 . Full Trace Events 1 | . 1 . . Feedback Events . | . . . . Feedback Blocked . | . . . . Robot Schematics Acquired . | . . . . Robots Built . | . . . . Authchips . | . . . . Time . | . . . . Total Robot Build Rating . | . . . . Part Schematics Acquired . | . . . . Parts Built . | . . . . Authchips . | . . . . Time . | . . . . Total Part Build Rating . | . . . . Parts Repaired . | . . . . Time . | . . . . Parts Recycled . | . . . . Recycled Matter . | . . . . Retrieved Matter . | . . . . Retrieved Components . | . . . . Parts Scanalyzed . | . . . . Part Schematics Acquired . | . . . . Parts Damaged . | . . . . Bothacking | -11 -10 -9 -9 ------------ Run | Jun Mat Mat Min Used RIF Installer . | . . . . Robots Hacked . | . . . . Non-combat . | . . . . Combat . | . . . . Robot Hacks Applied . | . . . . Relay Couplers Released . | . . . . Fabnet Peak Effective % . | . . . . Robots Rewired . | . . . . Allies Hacked . | . . . . Hacks Repelled . | . . . . Allies | -11 -10 -9 -9 -------- Run | Jun Mat Mat Min Total Allies . | . . . . Largest Group . | . . . . Highest-Rated Group . | . . . . Highest-Rated Ally . | . . . . Total Orders . | . . . . Ally Attacks . | . . . . Total Damage . | . . . . Kills . | . . . . Allies Corrupted . | . . . . Allies Melted . | . . . . Intel | -11 -10 -9 -9 ------- Run | Jun Mat Mat Min Robot Analysis Total 2 | . 2 . . Derelict Logs Recovered . | . . . . Drone Launches . | . . . . Drone Recoveries . | . . . . Exploration | -11 -10 -9 -9 ------------- Run | Jun Mat Mat Min Turns Passed 4725 | 63 2067 2330 265 Spaces Moved 1523 | 39 621 762 101 Core 8 | 8 . . . Treads 1515 | 31 621 762 101 Legs . | . . . . Wheels . | . . . . Hover . | . . . . Flight . | . . . . Fastest Speed 50 | 50 160 240 240 Average Speed 265 | 137 301 245 241 Slowest Speed 320 | 160 320 320 320 Overloaded Moves . | . . . . Propulsion Burnouts . | . . . . Robots Hopped . | . . . . Cave-ins Triggered . | . . . . Exploration Rate (%) 48 | 4 86 67 35 Regions Visited 3 Branch Regions 1 Pre-discovered Areas . | . . . . Known Exits Taken . | . . . . Unknown Exits Taken 3 | 1 1 1 . Scrap Searched . | . . . . Spaces Dug . | . . . . Terrain Destroyed 1 | . . . 1 Melee . | . . . . Projectile 1 | . . . 1 AOE . | . . . . Terrain Rammed . | . . . . Walls Destroyed . | . . . . Machines Disabled . | . . . . Actions | -11 -10 -9 -9 --------- Run | Jun Mat Mat Min Total 1860 | 49 723 976 112 Wait 38 | . 7 31 . Move 1520 | 38 620 761 101 Hop . | . . . . Pick Up 55 | 6 19 30 . Fast Attach . | . . . . Attach 30 | 5 7 13 5 Detach 2 | . . 2 . Swap 10 | . 4 5 1 Drop 12 | . 3 9 . Fire 191 | . 61 125 5 Melee . | . . . . Ram . | . . . . Kick . | . . . . Crush 2 | . 2 . . Escape Stasis . | . . . . Rewire . | . . . . Trap . | . . . . Miscellaneous . | . . . . Route ------- -11/Junkyard -10/Materials (discovered 4 exits: *Mat x3 / [*Min]) -9/Materials (discovered 3 exits: [*Mat x2] / [*Min]) -9/Mines History --------- Turn | Location | Event 24 | -11/Junkyard | Discovered new exit (range 14) 64 | -11/Junkyard | Entered Materials 298 | -10/Materials | Discovered new exit (range 10) 302 | -10/Materials | Build established: Mutant 837 | -10/Materials | Discovered new exit (range 4) 882 | -10/Materials | Discovered new exit (range 16) 1353 | -10/Materials | Discovered new exit (range 10) 2131 | -10/Materials | Entered another Materials area 2131 | -9/Materials | Evolved 2 slots: Propulsion x2 3334 | -9/Materials | Discovered new exit (range 10) 3588 | -9/Materials | Discovered new exit (range 16) 3890 | -9/Materials | Lost 4 parts (3n1w) 4170 | -9/Materials | Build established: Scavenger-Mutant 4406 | -9/Materials | Discovered new exit (range 12) 4461 | -9/Materials | Entered Mines 4652 | -9/Mines | Assembled infested the area 4685 | -9/Mines | Core integrity fell below 50% 4702 | -9/Mines | Core integrity fell below 20% 4726 | -9/Mines | Destroyed by D-53 Grenadier with Mini Grenade Launcher Last Messages --------------- 04698_ The unstable cave ceiling collapses. 04699_ Lgt. Treads destroyed. 04699_ Lgt. Armor Plating destroyed. 04700_ as-94388 destroyed. 04700_ Lgt. Treads destroyed. 04701_ The unstable cave ceiling collapses. 04701_ Imp. Assault Rifle destroyed. 04702_ The unstable cave ceiling collapses. 04705_ Lgt. Treads destroyed. 04706_ The unstable cave ceiling collapses. 04709_ Lgt. Armor Plating destroyed. 04711_ The unstable cave ceiling collapses. 04713_ Lgt. Treads destroyed. 04714_ The unstable cave ceiling collapses. 04716_ as-82581 destroyed. 04717_ The unstable cave ceiling collapses. 04720_ Lgt. Treads destroyed. 04721_ The unstable cave ceiling collapses. 04721_ Lgt. Treads destroyed. 04722_ The unstable cave ceiling collapses. Map ----- +----------------------------------------------------+ | | | | | | | | | | | | | | | | | | | ???????????????????????????????????????????????? | | ???????????????????????????????????????????????? | | ???????????????????????????????????????????????? | | ???????????????????????????????????????????????? | | ???????????????????????????????????????????????? | | ???????????????????????????????????????????????? | | ????????????????????????????#####??????????????? | | ???????????????????????????## ###????????????? | | ???????????????????????????# ##???????????? | | ???##??????????????????????# ###?????????? | | #### ?????????????????????# #?????????? | | # #??????????########?## #?????????? | | ####?????## # ##### ##?????????? | | ## ## ## ##??????????? | | = # ### #???????????? | | ???# %= # # #?# #???????????? | | ????# ! d @ #?# ##??????????? | | ????# # d ### ######?????? | | ????# ## # ## ## ##????? | | ????# ???# #????? | | ??? ?????# # # # #????? | | ? ????????# ### #????? | | ??????????## # #### ## #????? | | ?????????????## # #?# """ ##?## #????? | | ??????????????# ##?# """ ##???# #????? | | ??????????????###r ##??# """ #????# #????? | | ???????????????# ##### #?????###????? | | ???????????????# ######### #????????????? | | ???????????????# ####???# #????????????? | | ???????????????## ##??# #????????????? | | ??????????####### #??# ####?????????? | | ??????????# ## """ #??# #?????????? | | ??????????# """" #??##### #?????????? | | ??????????# "%""" ##?###### #?????????? | | ??????????# #### " #?## ## ####??????? | | ??????????# #??# #?# ##?????? | | ??????????# #??# ### #?????? | | ??????????## #####??# #?????? | | ???????????#???????# ##?????? | | ??????????????????# ##### ##??????? | | ??????????????????# ##???# ####???????? | +----------------------------------------------------+ Best States ------------- Heat Dissipation 28 Energy Generation 14 Energy Capacity 280 Matter Stores 450 Matter Capacity 450 Sight Range 16 Terrain Scan Density 10 Armor Coverage 150 Evasion (%) 40 Recoil Reduction 4 Item Schematics ----------------- None Robot Schematics ------------------ None Fabricated ------------ Nothing Alien Tech Used ----------------- None Achievements -------------- None Challenges ------------ None Game ------ Seed ChainRecyclingArchive Manual? 0 Play Time 00:18:46 Cumulative 75.5 hours Start 2023.09.16 @ 11:26:40 End 2023.09.16 @ 18:50:05 Sessions 3 Manual Loads 0 Difficulty Rogue Special Mode None Game No. 70 Rogue 34 Adventurer 36 Explorer 0 Win Type - Total 7 Types 2/0/5/0/0/0/0/0/0 Lore% 45 Gallery% 67 Achievement% 56 Wizard Run 0 Options --------- ASCII 0 Keyboard 0 Movement Mouse Keybinds 0 Fullscreen 1 Font 18/SmallcapsGlow Map View 76x50 Tactical HUD 1 Map Filters NONE Filters NONE Steam 1 RUN: 03d5e249-3f67-4fff-9822-f7374880738d